 Dungeon Crawl Stone Soup version 0.30.1-4-g462c640d31 (webtiles) character file.

Game seed: 5672274324513295041

324 safid the Chiller (level 6, -3/47 (48) HPs)
             Began as a Merfolk Ice Elementalist on Aug 31, 2023.
             Slain by a wraith (11 damage)
             ... in an ossuary.
             The game lasted 00:05:36 (3811 turns).

safid the Chiller (Merfolk Ice Elementalist)        Turns: 3811, Time: 00:05:37

HP:   -3/47 (48)    AC:  8    Str:  8    XL:     6   Next: 48%
MP:   5/11          EV: 12    Int: 16    God:
Gold: 163           SH:  0    Dex: 15    Spells: 5/12 levels left

rFire   . . .        k - +2 dagger (venom)
rCold   + . .        (no shield)
rNeg    . . .        a - +0 robe
rPois   .            (no helmet)
rElec   .            (no cloak)
rCorr   .            (no gloves)
SInv    .            (no boots)
Will    .....        (no amulet)
Stlth   ++           o - ring of protection from cold
HPRegen 0.27/turn    (no ring)
MPRegen 0.12/turn

%: no passive effects
@: ice-armoured, freezing walls, slowed, lightly drained, very slow
A: (nimble swimmer 2), mertail
a: no special abilities


You were in an ossuary.
You visited 1 branch of the dungeon, and saw 4 of its levels.
You also visited: Ossuary.

You collected 163 gold pieces.

Inventory:

Hand Weapons
 k - a +2 dagger of venom (weapon)
Armour
 a - a +0 robe (worn)
 t - a +0 cloak
Jewellery
 o - a ring of protection from cold (left hand)
 q - a ring of fire
Wands
 n - a wand of light (16)
 x - a wand of digging (3)
Scrolls
 d - 2 scrolls of amnesia {unknown}
 e - 9 scrolls of identify {unknown}
 f - 2 scrolls of noise {unknown}
 g - a scroll of magic mapping {unknown}
 h - 2 scrolls of teleportation {unknown}
 i - a scroll of blinking {unknown}
 l - 2 scrolls of vulnerability {unknown}
 r - a scroll of enchant weapon {unknown}
 s - 3 scrolls of poison {unknown}
Potions
 b - 2 potions of magic
 c - 3 potions of heal wounds {unknown}
 j - 2 potions of mutation {unknown}
 m - 2 potions of curing
 p - a potion of flight {unknown}
 u - a potion of ambrosia {unknown}
 v - a potion of attraction {unknown}
 w - a potion of berserk rage {unknown}


   Skills:
 + Level 3.7 Fighting
 - Level 2.6 Dodging
 - Level 2.1 Stealth
 + Level 3.8 Spellcasting
 + Level 6.0 Ice Magic


You had 5 spell levels left.
You knew the following spells:

 Your Spells              Type           Power      Damage    Failure   Level
a - Freeze                Ice            88%        1d9       1%          1
b - Frozen Ramparts       Ice            44%        1d7       4%          3
c - Ozocubu's Armour      Ice            22%        N/A       4%          3

Your spell library contained the following spells:

 Spells                   Type           Power      Damage    Failure   Level
 Summon Ice Beast         Ice/Summ       12%        N/A       45%         4


Dungeon Overview and Level Annotations

Branches:
Dungeon (4/15)            Ossuary (1/1)
 Temple: D:4-7

Altars:
Nemelex Xobeh
Wu Jian

Shops:
D:1 [   D:3 :(   D:4 :*


Innate Abilities, Weirdness & Mutations

((You are very nimble when in or above water. (Stealth+, EV+, Speed+++)))
Your lower body shifts to a powerful aquatic tail in water.


Message History

Unknown command.
You hit the wraith but do no damage.
The wraith is lightly damaged.
The wraith closely misses you. The wraith barely misses you.
You hit the wraith.
The wraith is moderately damaged.
The wraith barely misses you.
You closely miss the wraith.
The wraith is moderately damaged.
The wraith closely misses you. The wraith hits you.
* * * LOW HITPOINT WARNING * * *
You hit the wraith.
The wraith is moderately damaged.
The wraith hits you.
* * * LOW HITPOINT WARNING * * *
The wraith drains your vigour!
You feel as though you will be slow longer.
Unknown command.
You completely miss the wraith.
The wraith is moderately damaged.
The wraith barely misses you. The wraith closely misses you.
You closely miss the wraith.
The wraith is moderately damaged.
The wraith barely misses you.
Unknown command.
Casting: Ozocubu's Armour (dangerous; 4% risk of failure)
Confirm with . or Enter, or press ? or * to list all spells.
Casting: Frozen Ramparts (dangerous; 4% risk of failure)
Press: ? - help, Dir - look around, f - activate The walls around you are covered in ice.
The wraith resists.
The wall freezes the wraith.
The wraith hits you.
* * * LOW HITPOINT WARNING * * *
The wall freezes the wraith but does no damage.
The wraith barely misses you.
Unknown command.
You hit the wraith.
The wraith is moderately damaged.
The wall freezes the wraith but does no damage.
The wraith hits you!
You die...

#.###.....###.#
#.# #.....#z#.#
#.###.....###.#
#.............#
#.............#
#.###.###.###.#
#.#.#.#z#.#.#.#
#.)##.###.##W.#
#............@#
###############


You could see a wraith and a flying skull.

Vanquished Creatures
  A kobold brigand (D:4)
  A wight (Ossuary)
  Jessica (D:3)
  Terence (D:2)
  2 adders
  2 adder zombies (Ossuary)
  A worm (D:3)
  2 dart slugs (D:1)
  10 orcs (D:3)
  8 ball pythons
  5 bats
  7 endoplasms
  13 goblins
  14 hobgoblins
  12 jackals
  2 quokkas (D:2)
  2 ball python skeletons (Ossuary)
  2 frilled lizards
  A hobgoblin skeleton (Ossuary)
  A hobgoblin zombie (Ossuary)
  5 kobolds
  2 kobold zombies (Ossuary)
  2 orc zombies (Ossuary)
  5 rats
  2 rat zombies (D:4)
104 creatures vanquished.

Notes
Turn   | Place    | Note
-------+----------+-------------------------------------------
     0 | D:1      | safid the Merfolk Ice Elementalist began the quest for the
                  | Orb.
     0 | D:1      | Reached XP level 1. HP: 13/13 MP: 3/3
   109 | D:1      | Found Naceg's Antique Armour Shop.
   116 | D:1      | Reached XP level 2. HP: 17/20 MP: 0/5
   274 | D:1      | You fall into a shaft and drop 1 floor!
   303 | D:2      | Reached skill level 1 in Fighting
   504 | D:1      | Reached XP level 3. HP: 21/26 MP: 3/6
  1567 | D:2      | Found an ornate altar of the Wu Jian Council.
  1582 | D:2      | Reached skill level 5 in Ice Magic
  1585 | D:2      | Reached XP level 4. HP: 25/33 MP: 8/8
  2009 | D:2      | Noticed Terence
  2020 | D:2      | Killed Terence
  2319 | D:3      | Reached XP level 5. HP: 31/39 MP: 9/9
  3001 | D:3      | Noticed Jessica
  3003 | D:3      | Found Mikellad's Book Shoppe.
  3008 | D:3      | Killed Jessica
  3045 | D:3      | Found Houska Ehya's Weapon Emporium.
  3100 | D:3      | Learned a level 3 spell: Frozen Ramparts
  3104 | D:3      | Learned a level 3 spell: Ozocubu's Armour
  3349 | D:4      | Noticed a kobold brigand
  3354 | D:4      | Killed a kobold brigand
  3355 | D:4      | Reached XP level 6. HP: 46/47 MP: 4/11
  3382 | D:4      | Found a sparkling altar of Nemelex Xobeh.
  3404 | D:4      | Found Diemudea's Book Emporium.
  3407 | D:4      | Found Ostreuwn's Assorted Antiques.
  3440 | D:4      | Found a sand-covered staircase.
  3462 | Ossuary  | Entered an ossuary
  3621 | Ossuary  | Noticed a wraith
  3621 | Ossuary  | Noticed a flying skull
  3634 | Ossuary  | Noticed a flying skull
  3655 | Ossuary  | Noticed a flying skull
  3681 | Ossuary  | Reached skill level 6 in Ice Magic
  3789 | Ossuary  | Noticed a wraith
  3811 | Ossuary  | Slain by a wraith

Illustrated notes

Levels and vault maps discovered:
D:1:      dpeg_arrival_round_b, layout_loops_corners, serial_shops, shop
D:2:      cheibrodos_greedy_goblins, layout_basic, basic_altar, uniq_terence
D:3:      layout_basic, serial_shops, shop, shop, uniq_jessica
D:4:      layout_basic, old_standard_altar, amcnicky_altar_gilded,
          mainiacjoe_overflow_catwalk, enter_ossuary_4, serial_shops,
          nicolae_shop_tiny_statue_garden, nicolae_shop_getting_attention,
          nicolae_shop_hallway_plus, shop, nicolae_shop_tiny_statue_garden
Ossuary:  ossuary_due_cavern

Skill      XL: |  1  2  3  4  5  6 |
---------------+-------------------+-----
Fighting       | 1 2 3 |  3.7
Ice Magic      | 5 6 |  6.0
Spellcasting   | 3 |  3.8
Dodging        | |  2.6
Stealth        | |  2.1

Action                     |  1- 3 |  4- 6 || total
---------------------------+-------+-------++-------
  Melee: Unarmed           |     5 |       ||     5
         Dagger            |    62 |   193 ||   255
         Punch             |     1 |     1 ||     2
   Cast: Freeze            |    35 |    13 ||    48
         Frozen Ramparts   |       |     5 ||     5
         Ozocubu's Armour  |       |     3 ||     3
   Stab: Sleeping          |     3 |    10 ||    13
 Armour: Robe              |    14 |    25 ||    39
  Dodge: Dodged            |    66 |   121 ||   187
